 Dungeon Crawl Stone Soup version 0.17-a0-1691-g18a3847 (console) character file.

16632 Monkaria the Unseen (level 12, -19/55 HPs)
             Began as a Felid Chaos Knight on Aug 20, 2015.
             Killed from afar by a fire giant (30 damage)
             ... with a fireball
             ... on level 13 of the Dungeon.
             The game lasted 00:40:23 (22030 turns).

Monkaria the Unseen (Felid Chaos Knight)           Turns: 22030, Time: 00:40:24

Health: -19/55     AC:  6    Str: 12    XL:     12   Next: 11%
Magic:  17/17      EV: 35    Int: 14    God:    Xom [*.....]
Gold:   1468       SH:  0    Dex: 18    Spells: 0 memorised, 11 levels left
                                        Lives:  0   Deaths: 3

rFire  . . .     SeeInvis +       - Unarmed
rCold  + . .     Clarity  .     (armour unavailable)
rNeg   . . .     SustAt   .     (shield unavailable)
rPois  .         Gourm    .     (helmet unavailable)
rElec  .         Spirit   .     (cloak unavailable)
rCorr  .         Warding  .     (gloves unavailable)
rMut   .         Stasis   .     (boots unavailable)
MR     ++...                    y - amulet of rage
Stlth  +++++++++.               p - +4 ring of evasion
                                J - +3 ring of protection

@: about to teleport, quick, very resistant to hostile enchantments, incredibly
stealthy
A: no armour, no weapons or thrown items, antennae 1, claws 1, fangs 3, see
invisible, agile 1, carnivore 3, speed 1, magic resistance 1, screaming 1,
shaggy fur 3, slow metabolism 1, wild magic 3, sharp paws
a: Renounce Religion, Evoke Berserk Rage


You were on level 13 of the Dungeon.
You worshipped Xom.
You were a special plaything of Xom.
You were very full.

You visited 2 branches of the dungeon, and saw 14 of its levels.

You collected 2109 gold pieces.
You spent 641 gold pieces at shops.

Inventory:

Jewellery
 f - an uncursed ring of flight
 g - an uncursed amulet of regeneration
 p - a +4 ring of evasion (right paw)
 y - an amulet of rage (around neck)
 F - a +3 ring of strength
 G - an uncursed amulet of resist mutation
 I - an uncursed amulet of clarity
 J - a +3 ring of protection (left paw)
 R - an uncursed ring of see invisible {unknown}
Magical devices
 r - a wand of magic darts (17)
 s - a wand of confusion (18)
 x - a wand of slowing (12)
 z - a wand of paralysis (0)
 E - a wand of confusion (18)
 H - a wand of paralysis (3)
 M - a wand of teleportation (8)
Scrolls
 d - 5 scrolls of remove curse
 e - a scroll of silence {unknown}
 j - 5 scrolls of enchant armour
 k - a scroll of recharging
 l - 4 scrolls of magic mapping
 n - 4 scrolls of teleportation
 A - a scroll of summoning {unknown}
 D - a scroll of immolation
 K - a scroll of torment
 Q - a scroll of amnesia
Potions
 b - a potion of might
 c - a potion of curing
 h - 3 potions of haste
 i - 2 potions of flight
 o - a potion of magic
 w - a potion of brilliance
 B - a potion of cancellation {unknown}
 L - a potion of heal wounds {unknown}
 N - a potion of resistance
 P - a potion of berserk rage {unknown}
 S - a potion of agility
Books
 C - a book of Geomancy

   Spells                             Type                      Level
   a - Sandblast                      Earth                        1
   b - Stoneskin                      Transmutation/Earth          2
   c - Passwall                       Transmutation/Earth          3
   d - Stone Arrow                    Conjuration/Earth            3
   e - Petrify                        Transmutation/Earth          4
   f - Lee's Rapid Deconstruction     Earth                        5
 O - a book of the Earth

   Spells                             Type                      Level
   a - Leda's Liquefaction            Hexes/Earth                  4
   b - Bolt of Magma                  Conjuration/Fire/Earth       5
   c - Statue Form                    Transmutation/Earth          6
   d - Iron Shot                      Conjuration/Earth            6
   e - Shatter                        Earth                        9
Miscellaneous
 v - a lamp of fire
Comestibles
 a - 4 meat rations
 t - 5 beef jerkies
 u - 9 slices of pizza


   Skills:
 - Level 8.1 Fighting
 - Level 14.2 Dodging
 + Level 20.0 Stealth
 - Level 7.1 Unarmed Combat
 - Level 6.0 Evocations


You had 11 spell levels left.
You didn't know any spells.

Dungeon Overview and Level Annotations

Branches:
Dungeon (13/15)            Temple (1/1) D:6            Lair (0/8) D:8
    Orc (0/4) D:11         Vaults (0/5) D:13

Altars:
Ashenzari
Cheibriados
Dithmenos
Elyvilon
Fedhas
Gozag
Kikubaaqudgha
Makhleb
Nemelex Xobeh
Okawaru
Qazlal
Ru
Sif Muna
Trog
Vehumet
Xom
Yredelemnul
Zin
The Shining One

Shops:
D:5 *   D:13 *

Annotations:
D:5 Thronen's ghost, experienced OgHu
D:10 exclusion: 4 doors


Innate Abilities, Weirdness & Mutations

You cannot wear armour.
You are incapable of wielding weapons or throwing items.
You have sharp claws.
You have razor-sharp teeth.
You have supernaturally acute eyesight.
You are carnivorous and can eat meat at any time.
You cover ground quickly.
Your thick and shaggy fur keeps you warm (AC +3, rC+).
You have a slow metabolism.
Your sharp claws are effective at attacking unaware monsters.
You have a pair of small antennae on your head.
You are agile. (Dex +2)
You are resistant to hostile enchantments.
You occasionally shout uncontrollably at your foes.
Your spells are much harder to cast, but much more powerful.


Message History

An ettin comes into view. It is wielding two dire flails.
Read which item? (? for menu, Esc to quit)
Okay, then.
The fire giant points at you and mumbles some strange words.
The fireball explodes!
The fireball engulfs you!
Ouch! That really hurt!
You die... "Hey, that's my plaything!"
Xom revives you!
The ettin shouts in stereo!
Unknown command.
Unknown command.
Read which item? (? for menu, Esc to quit)
As you read the scroll of teleportation, it crumbles to dust.
You feel strangely unstable.
The fire giant points at you and mumbles some strange words.
The fireball explodes!
The fireball engulfs you!
Ouch! That really hurt!
You die...
Xom is highly amused!

#.............#.#.#........h.
#..###.###...#.#.#.#...###.##
#..##..##...#.#####.#...##..#
#..#...#...#)#.#=#.#.#.).#...
#.........#.#.##[##.#.#......
#..###...#.#.##...##.#.#...##
#..##...#.#.##..#..##.#.#...#
#..#...#.#.##.C#.#..##.#.#...
#.....#.#.##@.#...#..##.#.#..
#....#.#.##..#.....#..##.#.#.
#...#.#.##..#.......#..##.#.#
#..#.#.##..#.........#. ##.#.
#.#.#.##..#.....$.....# ##.#
##.#.#...#........C.... ###
#.#.#...#.....$.⌠.$... #
##.#.#...#........... ###
#.#.#.##..#.....$... ##.#


You could see a fire giant and an ettin.

Vanquished Creatures
  2 hydras
  An ogre mage (D:13)
  4 centaur warriors (D:13)
  A deep elf knight (D:13)
  A skeletal warrior (D:13)
  An unseen horror (D:12)
  5 hill giants
  A griffon (D:13)
  2 ugly things
  2 cyclopes
  Joseph (D:7)
  2 centaur skeletons
  The ghost of Bikaver the Covered, an average DDFi (D:4)
  2 deep elf priests (D:12)
  3 kobold demonologists
  2 two-headed ogres (D:13)
  3 trolls
  Grinder (D:6)
  A boulder beetle (D:13)
  A trapdoor spider zombie (D:8)
  A slime creature (D:13)
  3 deep elf magi
  A wraith (D:13)
  2 wyverns
  A basilisk (D:13)
  2 trapdoor spiders
  A shadow (D:11)
  A deep elf fighter (D:13)
  A human (D:7)
  4 hungry ghosts
  A vampire mosquito (D:13)
  2 wolves (D:9)
  5 orc warriors
  A slave (D:6)
  3 ice beasts
  4 sky beasts
  A black bear (D:11)
  4 boggarts (D:12)
  An eye of draining (D:13)
  2 phantoms
  A necrophage (D:8)
  6 centaurs
  11 ogres
  8 big kobolds
  Blork the orc (D:4)
  5 giant frogs
  A scorpion (D:12)
  4 wyvern skeletons
  19 killer bees
  A water moccasin skeleton (D:6)
  8 wights
  3 centaur zombies
  4 crimson imps
  4 jellies
  3 giant frog zombies
  6 hounds
  13 orc wizards
  7 orc priests
  6 iguanas
  21 worker ants
  4 giant frog skeletons (D:13)
  A killer bee zombie (D:7)
  2 sheep (D:7)
  A hound skeleton (D:4)
  A worker ant zombie (D:6)
  7 gnolls
  9 adders
  3 shadow imps
  2 oozes (D:2)
  2 worms (D:2)
  An adder zombie (D:6)
  7 giant geckos
  64 orcs
  8 bats
  7 giant cockroaches
  8 hobgoblins
  5 quokkas
  2 ball pythons
  A giant gecko skeleton (D:7)
  7 giant newts
  15 goblins
  2 jackals (D:2)
  33 kobolds
  6 rats
408 creatures vanquished.

Vanquished Creatures (collateral kills)
  A hydra (D:12)
  Nergalle (D:11)
  Grum (D:9)
  A wolf (D:9)
  A big kobold (D:12)
  2 giant frogs
  A killer bee (D:12)
  A wight (D:12)
  A giant frog zombie (D:12)
  3 orc priests
  2 orc wizards (D:6)
  2 sheep (D:7)
  Robin (D:4)
  2 orcs
  A kobold (D:12)
21 creatures vanquished.

Vanquished Creatures (others)
  Pikel (D:6)
  2 slaves (D:6)
  A giant frog (D:6)
  A crimson imp (D:6)
  A kobold (D:8)
6 creatures vanquished.

Grand Total: 435 creatures vanquished

Notes
Turn   | Place    | Note
--------------------------------------------------------------
     0 | D:1      | Monkaria the Felid Chaos Knight began the quest for the Orb.
     0 | D:1      | Reached XP level 1. HP: 10/10 MP: 2/2
   181 | D:1      | Reached XP level 2. HP: 9/14 MP: 3/3
   384 | D:1      | XOM: divination: detect creatures
   723 | D:1      | XOM: divination: detect items
   928 | D:2      | Reached skill level 4 in Unarmed Combat
  1134 | D:2      | Reached XP level 3. HP: 10/17 MP: 4/4
  1324 | D:2      | XOM: harmless Divn miscast
  1348 | D:2      | XOM: colour smoke trail
  1397 | D:2      | XOM: summons 3 hostile shadow creatures
  1625 | D:2      | XOM: give mutations
  1625 | D:2      | Gained mutation: You have a pair of small antennae on your head. [Xom's grace]
  1625 | D:2      | Gained mutation: Your flesh is cold resistant. [Xom's grace]
  1670 | D:2      | XOM: god gift: 1000 gold pieces
  1843 | D:2      | XOM is BORED!
  1843 | D:2      | XOM: polymorph giant gecko -> adder
  1854 | D:2      | XOM: god gift: 49 gold pieces
  2570 | D:2      | XOM: give mutations
  2570 | D:2      | Gained mutation: You are partially covered in yellow scales (AC +2). [Xom's grace]
  2570 | D:2      | Gained mutation: Your spells are a little harder to cast, but a little more powerful. [Xom's grace]
  2570 | D:2      | Gained mutation: Your spells are harder to cast, but more powerful. [Xom's grace]
  2570 | D:2      | Gained mutation: Your flesh is very cold resistant. [Xom's grace]
  2586 | D:2      | XOM: 2-stop teleportation journey
  2591 | D:2      | Reached XP level 4. HP: 6/21 MP: 5/5
  2634 | D:2      | XOM: god gift: scroll labeled URAOKOMPET
  2803 | D:2      | Reached skill level 5 in Unarmed Combat
  3546 | D:3      | Gained mutation: Your spells are much harder to cast, but much more powerful. [potion of mutation]
  3546 | D:3      | Gained mutation: Your mind is acute. (Int +2) [potion of mutation]
  3620 | D:3      | XOM: divination: magic mapping
  3630 | D:3      | XOM: cast spell 'Blink'
  3633 | D:3      | Killed from afar by an orc wizard
  3634 | D:3      | Reached XP level 3. HP: 0/17 MP: 4/4
  3638 | D:3      | Found a snail-covered altar of Cheibriados.
  3669 | D:3      | Reached XP level 4. HP: 8/21 MP: 5/5
  3707 | D:3      | XOM: enchant monster (good)
  3738 | D:3      | XOM: butterfly on damage
  3742 | D:3      | Reached skill level 6 in Unarmed Combat
  3842 | D:3      | XOM: mild Chrm miscast
  4071 | D:3      | Noticed an ice beast
  4071 | D:3      | XOM: enchant monster (good)
  4095 | D:3      | Killed an ice beast
  4095 | D:3      | Reached XP level 5. HP: 24/24 MP: 6/6
  4195 | D:3      | XOM: polymorph quokka -> orc
  4291 | D:3      | Reached skill level 7 in Unarmed Combat
  4315 | D:4      | Reached skill level 1 in Stealth
  4315 | D:4      | Gained mutation: You are covered in thick fur (AC +2). [Felid growth]
  4315 | D:4      | Reached XP level 6. HP: 28/28 MP: 7/7
  4372 | D:4      | Noticed Robin
  4395 | D:4      | XOM: divination: detect creatures
  4560 | D:4      | XOM: cast spell 'Summon Swarm'
  4561 | D:4      | Killed Robin
  4659 | D:4      | XOM: noise
  4742 | D:4      | XOM: harmless Pois miscast
  4779 | D:4      | XOM: divination: magic mapping
  4803 | D:4      | Noticed Blork the orc
  4813 | D:4      | Killed Blork the orc
  4850 | D:4      | Noticed Bikaver's ghost (average DDFi)
  4926 | D:4      | XOM: harmless Conj miscast
  5088 | D:4      | Reached skill level 5 in Stealth
  5166 | D:4      | XOM: vitrification
  5245 | D:4      | XOM: vitrification
  5427 | D:5      | Entered Level 5 of the Dungeon
  5427 | D:5      | Found a basalt altar of Yredelemnul.
  5441 | D:5      | Noticed Thronen's ghost (experienced OgHu)
  5455 | D:5      | XOM: potion effect (invisibility)
  5471 | D:5      | XOM: colour smoke trail
  5500 | D:4      | Reached XP level 7. HP: 8/31 MP: 8/8
  5504 | D:4      | XOM: harmless Divn miscast
  5664 | D:4      | XOM: confuse monster(s)
  5669 | D:4      | XOM: potion effect (invisibility)
  5690 | D:4      | XOM: confusion (+ monsters)
  5699 | D:4      | Killed Bikaver's ghost
  5699 | D:4      | Reached skill level 8 in Stealth
  5725 | D:4      | XOM: give mutations
  5725 | D:4      | Lost mutation: Your flesh is very cold resistant. [Xom's mischief]
  5725 | D:4      | Lost mutation: You have a pair of small antennae on your head. [Xom's mischief]
  5725 | D:4      | Lost mutation: Your spells are much harder to cast, but much more powerful. [Xom's mischief]
  5725 | D:4      | Lost mutation: Your mind is acute. (Int +2) [Xom's mischief]
  5954 | D:4      | XOM: harmless Air miscast
  6219 | D:5      | XOM: noise
  6235 | D:5      | Reached skill level 9 in Stealth
  6247 | D:5      | XOM: noise
  6438 | D:5      | XOM: noise
  6690 | D:5      | Found Apiebbin's General Store.
  6784 | D:5      | Reached XP level 8. HP: 34/34 MP: 9/9
  6824 | D:5      | Found a blossoming altar of Fedhas.
  6827 | D:5      | XOM: butterfly on damage
  6828 | D:5      | XOM: divination: detect items
  6838 | D:5      | Reached skill level 10 in Stealth
  6887 | D:5      | Bought a lamp of fire for 520 gold pieces
  6887 | D:5      | Bought a scroll of teleportation for 39 gold pieces
  6970 | D:5      | XOM: smoke on damage
  6978 | D:5      | XOM: swap monsters
  6979 | D:5      | Killed from afar by an orc priest
  6980 | D:5      | Reached XP level 7. HP: -10/31 MP: 8/8
  7091 | D:5      | XOM: god gift: scroll labeled OZIYV EPECUSCH
  7249 | D:6      | XOM: polymorph worker ant -> gnoll
  7286 | D:6      | Noticed Grinder
  7293 | D:6      | Killed Grinder
  7293 | D:6      | Reached skill level 11 in Stealth
  7385 | D:6      | Reached skill level 12 in Stealth
  7568 | D:6      | XOM: fog
  7573 | D:6      | XOM: enchant monster (good)
  7828 | D:6      | Found a staircase to the Ecumenical Temple.
  7832 | D:6      | XOM: divine lightning (protected)
  7837 | D:6      | Reached XP level 8. HP: 32/34 MP: 9/9
  7863 | D:6      | XOM: god gift: 33 gold pieces
  8048 | D:6      | XOM: enchant monster (good)
  8049 | D:6      | Noticed Pikel
  8071 | D:6      | Killed Pikel
  8071 | D:6      | Reached skill level 13 in Stealth
  8071 | D:6      | XOM: divine lightning (protected)
  8263 | D:6      | Reached skill level 14 in Stealth
  8306 | D:6      | XOM: enchant monster (good)
  8550 | Temple   | Entered the Ecumenical Temple
  8872 | D:7      | Noticed Joseph
  8876 | D:7      | Killed Joseph
  8876 | D:7      | Reached XP level 9. HP: 37/37 MP: 10/10
  8880 | D:7      | XOM: cast spell 'Shadow Creatures'
  8891 | D:7      | Reached skill level 15 in Stealth
  9154 | D:7      | XOM: fog
  9219 | D:7      | Reached skill level 5 in Dodging
  9402 | D:7      | XOM: cast spell 'Summon Dragon'
  9848 | D:7      | XOM: blink monster(s)
  9884 | D:7      | XOM: cast spell 'Spider Form'
  9885 | D:7      | XOM: confuse monster(s)
 10165 | D:7      | XOM: smoke on damage
 10265 | D:7      | XOM: colour smoke trail
 10400 | D:8      | XOM: harmless Conj miscast
 10621 | D:8      | XOM: potion effect (brilliance)
 10623 | D:8      | XOM: cast spell 'Death Channel'
 10856 | D:8      | XOM is BORED!
 10856 | D:8      | XOM: noise
 10861 | D:8      | Found a staircase to the Lair.
 11116 | D:8      | Reached XP level 10. HP: 42/42 MP: 11/11
 11305 | D:9      | Noticed a hill giant
 11342 | D:9      | Killed a hill giant
 11342 | D:9      | Reached skill level 10 in Dodging
 11629 | D:9      | Found a white marble altar of Elyvilon.
 11633 | D:9      | Found an ancient bone altar of Kikubaaqudgha.
 11634 | D:9      | Found a radiant altar of Vehumet.
 11634 | D:9      | Found an opulent altar of Gozag.
 11634 | D:9      | Found a burning altar of Makhleb.
 11706 | D:9      | Noticed Grum
 11727 | D:9      | Killed Grum
 12048 | D:9      | XOM: butterfly on damage
 12165 | D:9      | Reached skill level 5 in Fighting
 12266 | D:10     | Entered Level 10 of the Dungeon
 12429 | D:10     | Reached skill level 16 in Stealth
 12768 | D:10     | Reached skill level 1 in Evocations
 12852 | D:10     | XOM: mild Erth miscast
 13010 | D:10     | XOM: polymorph gnoll -> hobgoblin
 13024 | D:10     | Noticed a hill giant
 13033 | D:10     | XOM: confusion
 13043 | D:10     | XOM: medium Necr miscast
 13056 | D:10     | XOM: enchant monster (bad)
 13154 | D:8      | XOM: mild Erth miscast
 13469 | D:10     | XOM: noise
 13482 | D:10     | XOM: confuse monster(s)
 13645 | D:10     | XOM: enchant monster (good)
 13786 | D:10     | XOM: mild Erth miscast
 13925 | D:10     | XOM is BORED!
 13925 | D:10     | XOM: noise
 13950 | D:10     | XOM: harmless Tloc miscast
 14044 | D:10     | XOM: confuse monster(s)
 14051 | D:10     | XOM: summons 3 friendly demons
 14223 | D:9      | XOM: harmless Pois miscast
 14389 | D:10     | Killed a hill giant
 14389 | D:10     | Reached skill level 5 in Evocations
 14389 | D:10     | Reached XP level 11. HP: 43/47 MP: 14/16
 14414 | D:10     | XOM: scenery: 2 doors close
 14542 | D:10     | XOM: vitrification
 14898 | D:11     | XOM: god gift: scroll of fear
 15383 | D:11     | Found a staircase to the Orcish Mines.
 15519 | D:11     | XOM: summons 3 friendly demons
 15528 | D:10     | XOM: confuse monster(s)
 15532 | D:10     | XOM: cast spell 'Metabolic Englaciation'
 15824 | D:10     | XOM: summons friendly quasit
 15827 | D:10     | XOM: silly message
 15927 | D:11     | Noticed a hill giant
 15966 | D:11     | Killed a hill giant
 16006 | D:11     | XOM: medium Divn miscast
 16281 | D:10     | XOM: scenery: 1 doors close
 16387 | D:11     | Reached skill level 17 in Stealth
 16420 | D:11     | XOM: polymorph killer bee -> iguana
 16656 | D:11     | Noticed Nergalle
 16675 | D:11     | Killed Nergalle
 16864 | D:12     | Noticed an eight-headed hydra
 16866 | D:12     | Killed an eight-headed hydra
 16866 | D:12     | Reached skill level 18 in Stealth
 16903 | D:12     | XOM: summons 5 friendly demons
 16929 | D:12     | XOM: give mutations
 16929 | D:12     | Gained mutation: Your spells are much harder to cast, but much more powerful. [Xom's mischief]
 16929 | D:12     | Lost mutation: You are partially covered in yellow scales (AC +2). [Xom's mischief]
 16929 | D:12     | Gained mutation: You tend to lose your temper in combat. [Xom's mischief]
 16929 | D:12     | Lost mutation: Your flesh is cold resistant. [Xom's mischief]
 16933 | D:12     | XOM: polymorph white imp -> crimson imp
 17291 | D:12     | Noticed an unseen horror
 17293 | D:12     | Killed an unseen horror
 17405 | D:12     | XOM: 1-stop teleportation journey
 17427 | D:12     | Noticed a five-headed hydra
 17435 | D:12     | XOM: swap monsters
 17467 | D:12     | Killed a five-headed hydra
 17473 | D:12     | XOM: divination: magic mapping
 17592 | D:12     | XOM: confuse monster(s)
 17812 | D:12     | XOM: god gift: 7 gold pieces
 17916 | D:12     | Gained mutation: Your thick and shaggy fur keeps you warm (AC +3, rC+). [Felid growth]
 17916 | D:12     | Reached XP level 12. HP: 55/55 MP: 17/17
 18072 | D:12     | XOM: mild Tloc miscast
 18189 | D:12     | Gained mutation: You are resistant to hostile enchantments. [potion of mutation]
 18189 | D:12     | Gained mutation: You occasionally shout uncontrollably at your foes. [potion of mutation]
 18189 | D:12     | Gained mutation: You are weak. (Str -2) [potion of mutation]
 18190 | D:12     | Gained mutation: You are agile. (Dex +2) [potion of beneficial mutation]
 18351 | D:13     | XOM: divination: detect creatures
 18380 | D:13     | XOM: silly message
 18574 | D:12     | XOM: colour smoke trail
 18709 | D:13     | Noticed a centaur warrior
 18716 | D:13     | Killed a centaur warrior
 18757 | D:13     | XOM: silly message
 18954 | D:13     | Noticed a four-headed hydra
 18962 | D:13     | XOM: potion effect (curing)
 18964 | D:13     | Killed a four-headed hydra
 18970 | D:13     | XOM: potion effect (heal wounds)
 18986 | D:13     | XOM: divination: magic mapping
 18986 | D:13     | XOM: smoke on damage
 18988 | D:13     | XOM: potion effect (haste)
 18995 | D:13     | XOM: smoke on damage
 19148 | D:12     | XOM: divination: detect creatures
 19258 | D:13     | Noticed an ogre mage
 19458 | D:12     | Gained mutation: You have a pair of small antennae on your head. [mutagenic meat]
 19459 | D:12     | Gained mutation: You are very agile. (Dex +4) [mutagenic meat]
 19553 | D:13     | XOM: cast spell 'Stoneskin'
 19566 | D:12     | XOM: noise
 19721 | D:13     | XOM: enchant monster (good)
 19722 | D:13     | XOM: noise
 19849 | D:13     | XOM: silly message
 19928 | D:13     | Killed an ogre mage
 20128 | D:13     | Found Tuliul Zyump's General Store.
 20136 | D:13     | Bought a scroll of magic mapping for 38 gold pieces
 20136 | D:13     | Bought a potion of agility for 44 gold pieces
 20195 | D:13     | XOM: divination: detect creatures
 20213 | D:13     | Found a gate to the Vaults.
 20216 | D:13     | XOM: confuse monster(s)
 20265 | D:13     | Noticed a centaur warrior
 20273 | D:13     | XOM: butterfly on damage
 20274 | D:13     | Noticed a centaur warrior
 20279 | D:13     | Shot with an arrow by a centaur warrior
 20280 | D:13     | Reached XP level 11. HP: -1/51 MP: 12/16
 20310 | D:13     | XOM: cast spell 'Metabolic Englaciation'
 20337 | D:13     | Killed a centaur warrior
 20337 | D:13     | Reached skill level 19 in Stealth
 20386 | D:13     | XOM: butterfly on damage
 20402 | D:13     | Noticed a centaur warrior
 20411 | D:13     | Killed a centaur warrior
 20633 | D:13     | XOM: god gift: bread ration
 20743 | D:13     | XOM: summons friendly white imp
 20900 | D:13     | XOM: colour smoke trail
 20934 | D:13     | XOM: give mutations
 20934 | D:13     | Lost mutation: You are weak. (Str -2) [Xom's mischief]
 20934 | D:13     | Lost mutation: You tend to lose your temper in combat. [Xom's mischief]
 20934 | D:13     | Lost mutation: You are very agile. (Dex +4) [Xom's mischief]
 21012 | D:13     | XOM: give mutations
 21012 | D:13     | Lost mutation: You occasionally shout uncontrollably at your foes. [Xom's mischief]
 21012 | D:13     | Gained mutation: You occasionally shout uncontrollably at your foes. [Xom's mischief]
 21061 | D:13     | XOM: summons 5 hostile demons
 21275 | D:13     | XOM: summons friendly ufetubus
 21597 | D:12     | XOM: silly message
 21670 | D:13     | Reached XP level 12. HP: 55/55 MP: 17/17
 21699 | D:13     | Killed a centaur warrior
 21699 | D:13     | Reached skill level 20 in Stealth
 21700 | D:13     | XOM: blink monster(s)
 21765 | D:13     | XOM: harmless Conj miscast
 21910 | D:13     | XOM: harmless Conj miscast
 22011 | D:13     | Noticed a fire giant
 22020 | D:13     | XOM: confusion
 22027 | D:13     | XOM: noise
 22028 | D:13     | Noticed an ettin
 22029 | D:13     | Xom revived you
 22030 | D:13     | Killed from afar by a fire giant

Vault maps used:
D:1:      dpeg_arrival_simpleton_c, hangedman_decor_points
D:3:      lemuel_round_altar, first_bread
D:4:      kennysheep_generic_room_13, uniq_robin, uniq_blork_the_orc
D:5:      lemuel_doored_altar, basic_altar, st_stairs_10,
          kennysheep_windowed_goal
D:6:      minmay_temple_entry_overgrown, uniq_pikel, uniq_grinder
D:7:      grunt_livestock, uniq_joseph
D:8:      minmay_unpleasant_kobolds
D:9:      grunt_temple_overflow_open, uniq_grum
D:10:     minmay_stone_trees_small, minmay_misc_feat_nine_boxes
D:11:     hiddenorc2_lemuel, uniq_nergalle
D:12:     grunt_decor_arrowhead
D:13:     evilmike_diamond_2, hangedman_vaults_entry_quadrant_bands,
          serial_shops, shop
Temple:   oiseaux_autumnal_temple_12

Action                   |  1- 3 |  4- 6 |  7- 9 | 10-12 || total
-------------------------+-------+-------+-------+-------++-------
Melee: Unarmed           |   140 |   171 |   371 |  1029 ||  1711
 Abil: Evoke Berserk Rag |       |       |       |     8 ||     8
Evoke: Wand              |       |       |     9 |    15 ||    24
       Lamp of fire      |       |       |     1 |     2 ||     3
  Use: Scroll            |     2 |     3 |       |    25 ||    30
       Potion            |       |     1 |     1 |     8 ||    10
 Stab: Sleeping          |     5 |     3 |    28 |    38 ||    74
       Petrified         |       |     3 |       |       ||     3
       Invisible         |       |     4 |     3 |       ||     7
       Distracted        |       |     1 |     3 |     9 ||    13
       Confused          |       |       |     3 |     4 ||     7
       Paralysed         |       |       |     1 |     4 ||     5
  Eat: Chunk             |    10 |     9 |    16 |    49 ||    84
